Map: Blueshift LE

Players

Dolan

  • Race: Terran Terran
  • Spawn Location: 1:00

Clem - Winner!

  • Race: Terran Terran
  • Spawn Location: 7:00

Event: WCS Montreal 2018

VOD

Have the link to the VOD?

Description

Time

  • Played on: Sept. 7, 2018, 3:18 p.m.
  • Length: 6:42

All games in this series

Show
View Real Time Build Order
Export as new Build Order

Dolan Terran 

Build Orders: Cyclone Opening 

Get SALT Encoding   

  12  0:01  SCV  
  13  0:13  SCV  
  14  0:17  Supply Depot  
  14  0:25  SCV  
  15  0:29  Refinery  
  15  0:38  SCV  
  16  0:44  Barracks  
  16  0:51  SCV  
  16  0:55  Refinery  
  17  1:03  SCV  
  18  1:15  SCV  
  19  1:31  Orbital Command  
  19  1:32  Reaper  
  20  1:36  Factory  
  20  1:45  Supply Depot  
  20  1:56  SCV  
  21  2:04  Reaper  
  22  2:08  SCV  
  23  2:19  Cyclone  
  23  2:20  SCV  
  27  2:36  Command Center  
  27  2:45  SCV  
  27  2:48  Starport  
  28  2:52  Supply Depot  
  28  2:57  SCV  
  29  3:01  Barracks Reactor  
  29  3:10  SCV  
  30  3:13  Cyclone  
  32  3:28  Medivac  
  32  3:30  SCV  
  34  3:37  Marine x2  
  36  3:43  SCV  
  36  3:47  Cyclone  
  40  3:48  Orbital Command  
  40  3:55  Marine x2  
  42  4:08  Starport Tech Lab  
  42  4:13  Marine x2  
  42  4:26  SCV  
  42  4:27  Raven  
  36  4:48  SCV x2  
  36  4:49  Factory Tech Lab, Marine x2  
  35  5:04  SCV x2  
  36  5:12  Marine, Siege Tank  
  36  5:13  Marine  
  37  5:16  SCV x2  
  39  5:21  Viking  
  41  5:28  SCV x2  
  41  5:30  Marine x2, Supply Depot  
  45  5:41  SCV x2  
  47  5:45  Siege Tank  
  50  5:53  Supply Depot  
  52  6:01  SCV x2  
  52  6:03  Refinery  
  52  6:04  Viking  
  52  6:07  Marine  
  52  6:09  Barracks  
  52  6:10  Barracks  
  54  6:18  SCV  
  54  6:19  SCV  
Show
View Real Time Build Order
Export as new Build Order

Clem Terran - Winner!

Build Orders: Cyclone Opening 

Get SALT Encoding   

  12  0:00  SCV  
  13  0:13  SCV  
  14  0:16  Supply Depot  
  14  0:25  SCV  
  15  0:31  Refinery  
  15  0:38  SCV  
  16  0:44  Barracks  
  16  0:50  SCV  
  16  0:55  Refinery  
  17  1:02  SCV  
  18  1:14  SCV  
  19  1:32  Reaper, Orbital Command  
  20  1:35  Factory  
  20  1:42  Supply Depot  
  20  1:59  SCV  
  21  2:04  Reaper  
  22  2:11  SCV  
  23  2:18  Cyclone  
  26  2:23  SCV  
  27  2:30  Command Center  
  27  2:36  SCV  
  28  2:38  Barracks Reactor  
  28  2:43  Supply Depot  
  29  2:52  Cyclone  
  31  3:05  SCV  
  32  3:17  SCV  
  30  3:29  SCV  
  31  3:35  Cyclone x2  
  31  3:41  SCV  
  38  3:42  Orbital Command  
  38  3:44  Barracks Tech Lab  
  38  3:50  Starport  
  38  3:53  SCV  
  39  4:05  SCV  
  40  4:11  SCV  
  40  4:16  Marine x2  
  43  4:17  SCV, Siege Tank  
  43  4:23  SCV  
  43  4:24  Liberator  
  45  4:29  SCV  
  46  4:34  Marine x2  
  46  4:35  SCV  
  48  4:41  SCV  
  48  4:42  Supply Depot  
  52  4:47  SCV  
  52  4:52  Marine  
  54  4:57  SCV, Marine  
  54  4:59  SCV  
  51  5:06  Siege Tank  
  54  5:09  SCV  
  54  5:10  Marine  
  54  5:11  SCV  
  57  5:14  Marine  
  57  5:17  Barracks  
  57  5:18  Supply Depot  
  57  5:19  Barracks  
  57  5:27  Marine  
  57  5:28  Medivac  
  60  5:30  SCV  
  60  5:31  Supply Depot  
  60  5:32  Marine  
  62  5:40  SCV  
  62  5:41  Engineering Bay, Refinery x2  
  63  5:46  Siege Tank  
  63  5:48  SCV  
  67  5:52  SCV  
  67  5:53  Supply Depot  
  67  5:56  Marine x2  
  70  6:00  SCV  
  72  6:04  SCV, Barracks Tech Lab  
  72  6:06  Starport Reactor  
  72  6:07  Barracks Reactor  
  72  6:12  SCV  
  72  6:14  Marine x2  
  72  6:15  Supply Depot  
  72  6:16  SCV  
  76  6:23  Marine  
  76  6:24  SCV  
  78  6:28  SCV  
  78  6:30  Supply Depot  
Tags
 
Add a new tag
Caveats
  • Supply blocks, unpowered buildings, or Contaminate may cause inaccurate times.
  • Supply counts are checked every 10 seconds.